[Event "*** Titled Tuesday Blitz"]
[Site "Chess.com"]
[Date "2018.06.05"]
[Round "6"]
[White "Fins0905"]
[Black "Doraemon7"]
[Result "1-0"]
[WhiteElo "2603"]
[BlackElo "2422"]
[TimeControl "180+2"]
[EndTime "14:26:30 PDT"]
[Termination "Fins0905 won by resignation"]

1. d4 d5 2. c4 c6 3. cxd5 cxd5 4. Nc3 e5 5. dxe5 d4 6. Ne4 Qa5+ 7. Bd2 Qxe5 8. Ng3 Nc6 9. Nf3 Qd5 10. a3 a5 11. e4 dxe3 12. Bxe3 Nf6 13. Qc2 Be6 14. Be2 Rc8 15. O-O Be7 16. Rfd1 Qb3 17. Qxb3 Bxb3 18. Rd2 O-O 19. Nf5 Rfd8 20. Nxe7+ Nxe7 21. Rxd8+ Rxd8 22. Bb6 Rd5 23. Nd4 Ba4 24. Bf3 Rd7 25. b3 Bc6 26. Nxc6 Nxc6 27. Bxc6 bxc6 28. Bxa5 Nd5 29. Bd2 1-0

[Event "*** Titled Tuesday Blitz"]
[Site "Chess.com"]
[Date "2018.06.05"]
[Round "6"]
[White "Amirreza_p"]
[Black "Zhuu96"]
[Result "0-1"]
[WhiteElo "2699"]
[BlackElo "2928"]
[TimeControl "180+2"]
[EndTime "14:26:34 PDT"]
[Termination "Zhuu96 won by resignation"]

1. e4 c5 2. c3 Nf6 3. e5 Nd5 4.
d4 cxd4 5. cxd4 e6 6. Nf3 b6 7.
Nc3 Bb7 8. Bd3 Be7 9. O-O Nxc3 10.
bxc3 Nc6 11. Re1 O-O 12. Qc2 g6 13. h4 Rc8 14. Rb1 Nb4 15. Rxb4 Bxb4 16. Bg5 Be7 17. Bh6 Bxh4 18. Bxf8 Kxf8 19. Be4 Bxe4 20. Qxe4 Be7 21. d5 exd5 22. Qxd5 Rxc3 23. Nd2 Qc8 24. Ne4 Rc1 25. Rxc1 Qxc1+ 26. Kh2 Qc6 27. Qd3 b5 28. g3 Qc4 29. Qe3 Kg7 30. Nd6 Bxd6 31. exd6 Qxa2 32.
Qd4+ f6 33. g4 Qe6 34. Qxa7 Qxd6+ 35. Kg2 Qd5+ 36. f3 b4 37. Qb6 b3 38. Qb4 h5 39. Qc3 hxg4 0-1

[Event "*** Titled Tuesday Blitz"]
[Site "Chess.com"]
[Date "2018.06.05"]
[Round "6"]
[White "gpeloui"]
[Black "MPGM"]
[Result "0-1"]
[WhiteElo "2314"]
[BlackElo "2376"]
[TimeControl "180+2"]
[EndTime "14:26:44 PDT"]
[Termination "MPGM won by resignation"]

1. e4 e5 2. Nf3 Nc6 3. Nc3 Nf6 4.
Bb5 Bc5 5. Nxe5 Nxe5 6. d4 Bd6 7. f4 Neg4 8. e5 Bb4 9. O-O O-O 10. Bd3 Bxc3 11. bxc3 d5 12. f5 Re8 13. h3 Nxe5 14.
dxe5 Rxe5 15. Bf4 Re8 16. Qf3 c6 17. Rae1 Bd7 18. Be5 Qe7 19. g4 Rad8 20. g5 Ne4 21. Bf6 gxf6 22. Qh5 Kh8 23. g6 fxg6 24. fxg6 Rg8 25.
Bxe4 dxe4 26. Rxe4 Rxg6+ 27. Qxg6 Qc5+ 0-1

[Event "*** Titled Tuesday Blitz"]
[Site "Chess.com"]
[Date "2018.06.05"]
[Round "6"]
[White "gemarin"]
[Black "Perecke"]
[Result "1-0"]
[WhiteElo "1814"]
[BlackElo "1936"]
[TimeControl "180+2"]
[EndTime "14:26:45 PDT"]
[Termination "gemarin won by checkmate"]

1. d4 d5 2. c4 e6 3. Nc3 Nf6 4. Nf3 Be7 5. Bg5 h6 6. Bh4 O-O 7. e3 Nbd7 8. Rc1 c6 9. Be2 dxc4 10. Bxc4 b5 11. Bd3 a6 12. e4 c5 13. d5 exd5 14.
e5 Ne8 15. Bxe7 Qxe7 16. Nxd5 Qe6 17. Qe2 Bb7 18. Qe4 f5 19. Ne7+ Qxe7 20. Qxb7 Nd6 21. Qd5+ Nf7 22. e6 Nb6 23. Qxf5 Nd8 24. Qh7# 1-0

[Event "*** Titled Tuesday Blitz"]
[Site "Chess.com"]
[Date "2018.06.05"]
[Round "6"]
[White "Zaven_ChessMood"]
[Black "Infernal_XaM"]
[Result "1-0"]
[WhiteElo "2893"]
[BlackElo "2746"]
[TimeControl "180+2"]
[EndTime "14:26:48 PDT"]
[Termination "Zaven_ChessMood won by resignation"]

1. e4 c5 2. Nf3 b6 3. d4 cxd4 4. Nxd4 Bb7 5. Nc3 a6 6. Bd3 e6 7. O-O Qc7 8. f4 Bc5 9. Be3 Nc6 10. Nce2 Nxd4 11. Nxd4 Nf6 12. Qf3 d6 13. Rae1 O-O 14. Kh1 b5 15. c3 Rad8 16. Bf2 e5 17. Nf5 Bxf2 18. Qxf2 d5 19. Qg3 g6 20. fxe5 dxe4 21.
Bc2 Nh5 22. Qg5 Rde8 23. Nd6 Re7 24. Bb3 Kh8 25. Qh6 Ng7 26. Re3 Rd8 27. Rh3 Nh5 28. Rxh5 f5 29. Qxg6 e3 30. Qf6+ Rg7 31. Nf7+ Qxf7 32.
Qxd8+ Rg8 33. Qxg8+ 1-0

[Event "*** Titled Tuesday Blitz"]
[Site "Chess.com"]
[Date "2018.06.05"]
[Round "6"]
[White "Jadeit90"]
[Black "TomPolgar"]
[Result "1-0"]
[WhiteElo "2197"]
[BlackElo "2241"]
[TimeControl "180+2"]
[EndTime "14:26:49 PDT"]
[Termination "Jadeit90 won on time"]

1. g3 Nf6 2. Bg2 g6 3. c4 Bg7 4. Nf3 O-O 5. O-O d6 6. Nc3 Nc6 7. d3 Nh5 8. Rb1 a5 9. a3 f5 10.
Bd2 f4 11. b4 axb4 12. axb4 Bg4 13. b5 Nd4 14. Nxd4 Bxd4 15. Ne4 fxg3 16. hxg3 Ra2 17.
Bf3 Bh3 18. Bg2 Bg4 19. Bf3 Qd7 20. Ng5 Nxg3 21. Re1 Bxf3 22. exf3 h6 23. Ne6 Ba7 24. b6 Bxb6 25. Rxb6 cxb6 26. fxg3 Rf6 27. Nf4 e5 28. Nd5 Rf7 29. Kg2 Qf5 30. Re3 g5 31. g4 Qd7 32.
Qe2 Qa4 33. Qf2 Qd1 34. Re2 b5 35. Nc3 Rb2 36. Nxd1 1-0

[Event "*** Titled Tuesday Blitz"]
[Site "Chess.com"]
[Date "2018.06.05"]
[Round "6"]
[White "Rish_97"]
[Black "djano"]
[Result "1-0"]
[WhiteElo "2305"]
[BlackElo "2382"]
[TimeControl "180+2"]
[EndTime "14:26:49 PDT"]
[Termination "Rish_97 won by resignation"]

1. d4 Nf6 2. c4 g6 3. Nc3 d5 4.
Nf3 Bg7 5. Bg5 O-O 6. Bxf6 Bxf6 7. cxd5 c6 8. e4 cxd5 9. e5 Bg7 10. h3 Nc6 11. Bb5 Bf5 12. Bxc6 bxc6 13. O-O f6 14.
Re1 Rb8 15. b3 Qa5 16. Rc1 g5 17. Na4 Rbc8 18. Rc5 Qa6 19. Qd2 Be4 20. Ra5 Qb7 21. Nc5 Qb6 22. Nxe4 dxe4 23. Rxe4 Rfd8 24. exf6 Bxf6 25.
Rxg5+ Bxg5 26. Qxg5+ Kh8 27. Rxe7 1-0

[Event "*** Titled Tuesday Blitz"]
[Site "Chess.com"]
[Date "2018.06.05"]
[Round "6"]
[White "Anurag328"]
[Black "aa175"]
[Result "1-0"]
[WhiteElo "2655"]
[BlackElo "1891"]
[TimeControl "180+2"]
[EndTime "14:26:56 PDT"]
[Termination "Anurag328 won by checkmate"]

1. a3 e5 2. b3 d5 3. Bb2 Nd7 4. g3 c6 5. Bg2 Bd6 6. c4 d4 7. e3 c5 8. b4 Ngf6 9. d3 Qb6 10. b5 O-O 11. Ne2 a6 12. a4 Qa5+ 13. Qd2 Qxd2+ 14. Nxd2 Nb6 15. a5 Nbd7 16. O-O Re8 17. h3 Nf8 18. g4 h6 19. Ng3 g6 20. Nge4 Be7 21. Nxf6+ Bxf6 22. Ne4 Be7 23. exd4 exd4 24. Rfe1 Bd7 25. Nd2 Rab8 26. b6 Bd6 27. Ne4 Be7 28. Bc1 Bc6 29. Bxh6 Ne6 30. Bd2 Kh7 31. Re2 Rg8 32.
Rae1 f5 33. Ng3 Bxg2 34. Rxe6 Bxh3 35. Rxe7+ Rg7 36. f3 fxg4 37. f4 Rxe7 38. Rxe7+ Kh6 39.
f5+ g5 40. Ne4 Rg8 41. Kh2 Kh5 42. Rh7# 1-0

[Event "*** Titled Tuesday Blitz"]
[Site "Chess.com"]
[Date "2018.06.05"]
[Round "6"]
[White "DiogenesSinopeus"]
[Black "Ar4uha"]
[Result "0-1"]
[WhiteElo "2427"]
[BlackElo "2582"]
[TimeControl "180+2"]
[EndTime "14:26:59 PDT"]
[Termination "Ar4uha won by resignation"]

1. d4 Nf6 2. c4 e6 3. Nc3 Bb4 4.
e3 O-O 5. Bd3 b6 6. Ne2 Bb7 7.
O-O d5 8. b3 Nbd7 9. Bb2 a6 10.
Qc2 Rc8 11. e4 dxe4 12. Nxe4 Nxe4 13. Bxe4 Bxe4 14. Qxe4 Nf6 15. Qf3 Be7 16. Rad1 Qd7 17. Nf4 c6 18. Nd3 b5 19. Ne5 Qb7 20. cxb5 axb5 21.
Rc1 Nd5 22. h3 Qa6 23. a3 Bd6 24. Rfd1 Bxe5 25. dxe5 c5 26. Rxd5 exd5 27. Qxd5 Qe6 28. Qb7 Qxb3 29. Ba1 Qxa3 30. Rb1 Rb8 31. Qe7 Qa2 32.
Re1 Qe6 33. Qxc5 b4 34. Bb2 h6 35. Kh1 b3 36. f4 Rfc8 37. Qd4 Rc2 38. Rf1 Qc4 39.
Qd6 Qxf1+ 0-1

[Event "*** Titled Tuesday Blitz"]
[Site "Chess.com"]
[Date "2018.06.05"]
[Round "6"]
[White "ChessMavenYeti"]
[Black "twitchTriniCupid"]
[Result "1-0"]
[WhiteElo "2142"]
[BlackElo "2241"]
[TimeControl "180+2"]
[EndTime "14:27:00 PDT"]
[Termination "ChessMavenYeti won by resignation"]

1. Nf3 d5 2. g3 Nf6 3. Bg2 Bf5 4. O-O c6 5. c4 e6 6. cxd5 exd5 7. d3 Be7 8. Nc3 O-O 9. Re1 h6 10. Nd4 Bh7 11. e4 dxe4 12. dxe4 Bc5 13. Nf5 Bxf5 14.
exf5 Qb6 15. Qc2 Bb4 16. Be3 Qa5 17. Bd4 Nbd7 18. a3 Bd6 19. b4 Qc7 20. Rac1 Rfe8 21.
Rxe8+ Rxe8 22. Nb5 cxb5 23. Qxc7 Bxc7 24. Rxc7 Re1+ 25.
Bf1 a6 26. Rxb7 Rd1 27. Be3 Ne5 28. Kg2 Neg4 29. Rb8+ Kh7 30. Bc5 Nxh2 31. Bxb5 axb5 32. Kxh2 Ne4 33. Kg2 Nc3 34. Rf8 Rd3 35. Rxf7 Kg8 36. Rf8+ Kh7 37. Rb8 Rd5 38. g4 h5 39. f3 hxg4 40.
fxg4 g6 41. f6 1-0

[Event "*** Titled Tuesday Blitz"]
[Site "Chess.com"]
[Date "2018.06.05"]
[Round "6"]
[White "Muguet7"]
[Black "Vamostodorecto"]
[Result "1-0"]
[WhiteElo "2328"]
[BlackElo "2341"]
[TimeControl "180+2"]
[EndTime "14:27:03 PDT"]
[Termination "Muguet7 won by resignation"]

1. d4 d5 2. c4 dxc4 3. Nf3 Nf6 4. e3 b5 5. a4 b4 6. Bxc4 e6 7. O-O Be7 8. b3 Bb7 9. Bb2 O-O 10. a5 a6 11. Nbd2 c5 12. dxc5 Nbd7 13. c6 Bxc6 14. Qe2 Bb7 15. Rfd1 Qb8 16. e4 Bc5 17. Bd4 Qa7 18.
Bxc5 Nxc5 19. e5 Nd5 20. Re1 Rad8 21. Bxd5 Bxd5 22. Qe3 Bxf3 23. Nxf3 Rd3 24. Qf4 Nxb3 25. Rab1 Nd4 26. Ng5 b3 27. Qe4 f5 28. Qxd3 h6 29. Nf3 Rd8 30. Nxd4 1-0

[Event "*** Titled Tuesday Blitz"]
[Site "Chess.com"]
[Date "2018.06.05"]
[Round "6"]
[White "cukus"]
[Black "comedy_of_errors"]
[Result "0-1"]
[WhiteElo "2397"]
[BlackElo "2592"]
[TimeControl "180+2"]
[EndTime "14:27:11 PDT"]
[Termination "comedy_of_errors won by resignation"]

1. e4 e6 2. d4 d5 3. Nc3 dxe4 4. Nxe4 Bd7 5. Nf3 Bc6 6. Bd3 Nd7 7. O-O Ngf6 8. Ng3 g6 9. b3 Bg7 10. Ba3 Bf8 11.
Bb2 Bg7 12. Ba3 Bf8 13. Bb2 Bg7 14. Ba3 Bxf3 15. Qxf3 c6 16. c4 Bf8 17. Bb2 Bg7 18. Ba3 Qa5 19. Bd6 Bf8 20. Qf4 g5 21. Qe3 Bxd6 22.
Nf5 Bf4 23. Qe2 O-O-O 24. b4 Qc7 25. Ng3 h5 26. b5 c5 27. a4 h4 28. Ne4 Nxe4 29.
Bxe4 cxd4 30. a5 Nc5 31. b6 axb6 32. axb6 Bxh2+ 33. Kh1 Qe5 34. f3 f5 35. Ra8+ Kd7 36. Ra7 fxe4 37. fxe4 Bf4 38. Qb2 h3 39. g3 Qxe4+ 40.
Kh2 Qg2+ 0-1

[Event "*** Titled Tuesday Blitz"]
[Site "Chess.com"]
[Date "2018.06.05"]
[Round "6"]
[White "MateusViageiro"]
[Black "GoingKronos"]
[Result "1-0"]
[WhiteElo "2178"]
[BlackElo "2325"]
[TimeControl "180+2"]
[EndTime "14:27:11 PDT"]
[Termination "MateusViageiro won on time"]

1. e4 e6 2. d4 d5 3. Nd2 c5 4.
Ngf3 a6 5. c3 Nc6 6. exd5 exd5 7. dxc5 Bxc5 8. Bd3 Nf6 9. O-O O-O 10. Nb3 Bb6 11. h3 Re8 12. Bc2 Qd6 13. Nbd4 Bd7 14. Be3 Bc7 15. Re1 Ne4 16. Nxc6 bxc6 17. Kf1 Rad8 18. Bxe4 Rxe4 19. Ng5 Ree8 20. Qh5 Qg6 21. Qxg6 hxg6 22. Bc5 f6 23. Nf3 Kf7 24. Nd4 Re5 25.
Nf3 Re4 26. Nd2 Rxe1+ 27. Rxe1 Re8 28. Nf3 g5 29. Nd4 Re5 30. Nc2 Bf5 31. Rxe5 fxe5 32. Nb4 Bd7 33. Nxa6 Bd8 34. Nb4 Ke6 35. Ke1 Kf5 36.
a4 Ke4 37. Ke2 Ba5 38. Nd3 Bc8 39. g4 d4 40. c4 1-0

[Event "*** Titled Tuesday Blitz"]
[Site "Chess.com"]
[Date "2018.06.05"]
[Round "6"]
[White "FearNoEvil12"]
[Black "CarlssonLudvig"]
[Result "0-1"]
[WhiteElo "1945"]
[BlackElo "2081"]
[TimeControl "180+2"]
[EndTime "14:27:19 PDT"]
[Termination "CarlssonLudvig won by resignation"]

1. e4 e5 2. d4 exd4 3. Bc4 Nc6 4.
Nf3 Nf6 5. e5 d5 6. Bb5 Nd7 7. O-O Bc5 8. c3 O-O 9. cxd4 Bb6 10. Nc3 Ne7 11. Bd3 f5 12. Qb3 c6 13.
Re1 Nb8 14. Qc2 Be6 15. Ng5 Qd7 16. Ne2 Ng6 17. g3 a5 18. h4 h6 19. Nxe6 Qxe6 20. h5 Ne7 21. Nf4 Qf7 22. Be3 Na6 23. a3 Nc7 24.
Qb3 Nc8 25. f3 Ne6 26. Nxe6 Qxe6 27. Kg2 Rf7 28. Rad1 a4 29. Qc2 Ba5 30. Rf1 b5 31. Rf2 Nb6 32. Rg1 Nc4 33. Bc1 Bb6 34. Bxc4 dxc4 35. Be3 Rd8 36. f4 Bxd4 37. Bxd4 Rxd4 38. Rd2 Qd5+ 39. Kh3 Rxd2 0-1

[Event "*** Titled Tuesday Blitz"]
[Site "Chess.com"]
[Date "2018.06.05"]
[Round "6"]
[White "Keaton87"]
[Black "Kimster98"]
[Result "1-0"]
[WhiteElo "2466"]
[BlackElo "2541"]
[TimeControl "180+2"]
[EndTime "14:27:21 PDT"]
[Termination "Keaton87 won by resignation"]

1. e4 e5 2. Nf3 Nc6 3. Bb5 a6 4. Ba4 Nf6 5. d4 exd4 6. O-O Be7 7. Re1 b5 8. Bb3 d6 9. Bd5 Nxd5 10. exd5 Ne5 11. Nxd4 O-O 12. a4 Bd7 13. Nc3 b4 14. Ne4 Qb8 15. f4 Ng4 16. h3 Nf6 17. Nxf6+ Bxf6 18. Be3 Qb7 19. Qf3 Rfe8 20. b3 Re7 21. Bf2 Rae8 22. Rxe7 Rxe7 23. Rd1 a5 24. Nc6 Bxc6 25. dxc6 Qa6 26. Re1 Rxe1+ 27. Bxe1 Bd4+ 28. Kh2 Qb6 29. Qe4 g6 30. Bh4 Kg7 31. Qe8 Bf6 32. Bg3 h5 33. h4 Bd4 34. Qe4 Bf2 35. f5 Bxg3+ 36. Kxg3 Qc5 37. fxg6 fxg6 38. Qe7+ Kg8 39. Qd8+ Kf7 40.
Qxc7+ Kf6 41. Qd8+ Kg7 42. Qe7+ Kg8 43. c7 Qc3+ 44.
Kf4 Qd2+ 45. Kf3 Qc3+ 46. Kf4 Qd2+ 47. Kg3 Qc3+ 48. Kh2 1-0

[Event "*** Titled Tuesday Blitz"]
[Site "Chess.com"]
[Date "2018.06.05"]
[Round "6"]
[White "RDMGUY01"]
[Black "1e41-0"]
[Result "0-1"]
[WhiteElo "2383"]
[BlackElo "2421"]
[TimeControl "180+2"]
[EndTime "14:27:22 PDT"]
[Termination "1e41-0 won by checkmate"]

1. d4 d5 2. c4 c6 3. Nc3 Nf6 4. cxd5 cxd5 5. Bg5 Nc6 6. Rc1 Bf5 7. Bxf6 gxf6 8. e3 e6 9. Qb3 Qd7 10. Nf3 Rg8 11.
Nh4 Bg4 12. Bb5 Be7 13. h3 Bh5 14. g4 Bg6 15. Nf3 h5 16. g5 Be4 17. Nxe4 dxe4 18. Nd2 f5 19. h4 Rc8 20. Nc4 Kf8 21. Ke2 Kg7 22. Ne5 Nxd4+ 23. exd4 Qxd4 24. Nc4 Bc5 25. Ne3 f4 26. Rc4 Qe5 27. Nd1 a6 28. Nc3 f3+ 29. Kf1 e3 30. fxe3 Qxe3 31. Rh2 axb5 32. Qxb5 Qg1# 0-1

[Event "*** Titled Tuesday Blitz"]
[Site "Chess.com"]
[Date "2018.06.05"]
[Round "6"]
[White "51616516516"]
[Black "Vusatiuk_Vladimir"]
[Result "1-0"]
[WhiteElo "2299"]
[BlackElo "2184"]
[TimeControl "180+2"]
[EndTime "14:27:23 PDT"]
[Termination "51616516516 won by resignation"]

1. d4 Nf6 2. c4 e6 3. Nc3 Bb4 4.
Qc2 b6 5. e4 Bb7 6. Bd3 Bxc3+ 7.
bxc3 d6 8. Nf3 Nbd7 9. Bg5 e5 10. O-O h6 11. Bh4 O-O 12. Rab1 a5 13. c5 Rb8 14. cxb6 cxb6 15. Qe2 Qc7 16. Rfc1 Rfc8 17. Bxf6 Nxf6 18. d5 Nd7 19. Nh4 Nc5 20. Nf5 Qd8 21. Qg4 Qf6 22. Bc2 Ba6 23. Re1 Kh7 24. Re3 g6 25.
Ng3 Qf4 26. Qd1 Rf8 27. Rf3 Qh4 28. Qe1 Bc8 29. Nf1 Bd7 30. Rg3 f5 31. exf5 gxf5 32. f4 e4 33. Rg7+ Kxg7 34. Qxh4 1-0

[Event "*** Titled Tuesday Blitz"]
[Site "Chess.com"]
[Date "2018.06.05"]
[Round "6"]
[White "MartinZumsande"]
[Black "ulises2013"]
[Result "0-1"]
[WhiteElo "2505"]
[BlackElo "2446"]
[TimeControl "180+2"]
[EndTime "14:27:23 PDT"]
[Termination "ulises2013 won by resignation"]

1. e4 g6 2. d4 Bg7 3. Nc3 c5 4. dxc5 Bxc3+ 5. bxc3 Qa5 6. Qd4 Nf6 7. Qb4 Qc7 8. Be3 Nc6 9. Qa4 Qe5 10. Ne2 Nxe4 11. Bd4 Nxd4 12. cxd4 Qc7 13. f3 Nf6 14. Nc3 O-O 15.
Bc4 Qf4 16. Ne2 Qe3 17. Qb3 Qxb3 18. axb3 d5 19. cxd6 exd6 20. Kf2 Bf5 21. Ra2 d5 22. Bd3 Bxd3 23. cxd3 Rfc8 24. Rc1 Rxc1 25. Nxc1 Rc8 26.
Ne2 a6 27. g4 h6 28. h4 Rc6 29.
Ra5 g5 30. hxg5 hxg5 31. Ke3 Rb6 32. Nc1 Kf8 33. Rc5 Ke7 34. Kd2 Rd6 35. Ne2 Nd7 36.
Rc7 Rb6 37. Kc3 Kd8 38. Rc5 Nxc5 39. dxc5 Rf6 40. Nd4 Rf4 41. b4 Kc7 42. b5 axb5 43. Nxb5+ Kc6 44. Nd4+ Kxc5 0-1

[Event "*** Titled Tuesday Blitz"]
[Site "Chess.com"]
[Date "2018.06.05"]
[Round "6"]
[White "Jbd735"]
[Black "GMMatamoros"]
[Result "0-1"]
[WhiteElo "2375"]
[BlackElo "2507"]
[TimeControl "180+2"]
[EndTime "14:27:23 PDT"]
[Termination "GMMatamoros won on time"]

1. e4 c5 2. Nf3 Nc6 3. d4 cxd4 4.
Nxd4 e5 5. Nb5 d6 6. N1c3 a6 7. Na3 Be7 8. Nc4 b5 9. Ne3 Nf6 10. Bd3 O-O 11. O-O Rb8 12. Ncd5 Nxd5 13. Nxd5 Bg5 14.
Be3 Be6 15. Qd2 Bxe3 16. Nxe3 Qb6 17. Rfd1 Rfd8 18. a3 Ne7 19. Qe2 g6 20. Qf3 Kg7 21.
Rd2 d5 22. exd5 Nxd5 23. Nxd5 Bxd5 24. Qg3 Qf6 25. Re1 e4 26. Bf1 Qxb2 27. Rxd5 Rxd5 28. Qxb8 Qxc2 29. Qa8 Qc5 30. Qxa6 Rd2 31. Re2 e3 0-1

[Event "*** Titled Tuesday Blitz"]
[Site "Chess.com"]
[Date "2018.06.05"]
[Round "6"]
[White "Sanan_Sjugirov"]
[Black "Alexandr_Predke"]
[Result "1-0"]
[WhiteElo "2718"]
[BlackElo "2646"]
[TimeControl "180+2"]
[EndTime "14:27:28 PDT"]
[Termination "Sanan_Sjugirov won on time"]

1. Nf3 Nf6 2. g3 b6 3. Bg2 Bb7 4. O-O c5 5. d3 d5 6. Nbd2 d4 7. e4 dxe3 8. fxe3 g6 9. e4 Bg7 10. a4 O-O 11. Nc4 Nc6 12. Qe2 Ng4 13. c3 Ba6 14. e5 Rc8 15. Bf4 h5 16. Rad1 Qd7 17. h3 Nh6 18. Ng5 Nd8 19. Ne3 Ne6 20. Nxe6 Qxe6 21. g4 hxg4 22. hxg4 Rfd8 23. Bf3 Kf8 24. c4 Rd4 25. Bd5 Qd7 26. e6 Qd8 27. Bxh6 Bxh6 28.
Rxf7+ Kg8 29. Qh2 Bg7 30. Rdf1 1-0

[Event "*** Titled Tuesday Blitz"]
[Site "Chess.com"]
[Date "2018.06.05"]
[Round "6"]
[White "BrizuelaRonald"]
[Black "Andreikka"]
[Result "0-1"]
[WhiteElo "2721"]
[BlackElo "2805"]
[TimeControl "180+2"]
[EndTime "14:27:29 PDT"]
[Termination "Andreikka won by resignation"]

1. d4 Nf6 2. c4 e6 3. Nc3 Bb4 4. e3 O-O 5. Ne2 c6 6. a3 Ba5 7. b4 Bc7 8. Ng3 d5 9. c5 e5 10. Be2 g6 11. O-O h5 12. e4 h4 13. exd5 cxd5 14.
Nh1 Nc6 15. Bg5 Nxd4 16. Bxh4 Be6 17. Ng3 Kg7 18. f4 Nxe2+ 19. Ncxe2 Qd7 20. Bxf6+ Kxf6 21. fxe5+ Kg7 22. Qd4 Rh8 23. Nf4 Rad8 24. Rae1 Qe7 25. Rf2 Qg5 26. Nf1 Kg8 27. g3 a6 28. Nxe6 fxe6 29.
Rf6 Re8 30. h4 Qh5 31. Nh2 Bd8 32. Ng4 Kg7 33. Qf4 Rhf8 34. Rf1 0-1

[Event "*** Titled Tuesday Blitz"]
[Site "Chess.com"]
[Date "2018.06.05"]
[Round "6"]
[White "gmjlh"]
[Black "GMNeiksans"]
[Result "0-1"]
[WhiteElo "2620"]
[BlackElo "2743"]
[TimeControl "180+2"]
[EndTime "14:27:35 PDT"]
[Termination "GMNeiksans won on time"]

1. e4 c5 2. Nf3 e6 3. g3 Nc6 4.
Bg2 Nf6 5. e5 Ng4 6. d4 cxd4 7.
O-O Ngxe5 8. Nxe5 Nxe5 9. Qxd4 Nc6 10. Qf4 d5 11. c4 d4 12. Rd1 Bd7 13. Bxc6 Bxc6 14.
Rxd4 Qb6 15. Nc3 Bc5 16. Rd1 O-O 17. b3 e5 18. Qxe5 Bxf2+ 19. Kf1 Rae8 20. Qf4 Bc5 21. Nd5 Bxd5 22. Rxd5 f5 23. Bb2 Be3 24. Qd6 f4 25. g4 Re6 26. Qd7 Rg6 27. Rb5 Qc6 28. Qxc6 bxc6 29. Rb7 Rxg4 30. Re1 Rg1+ 31. Ke2 Rg2+ 0-1

[Event "*** Titled Tuesday Blitz"]
[Site "Chess.com"]
[Date "2018.06.05"]
[Round "6"]
[White "Aleksandr_Kholin"]
[Black "Shaman91"]
[Result "1/2-1/2"]
[WhiteElo "2434"]
[BlackElo "2565"]
[TimeControl "180+2"]
[EndTime "14:27:40 PDT"]
[Termination "Game drawn by repetition"]

1. d4 d6 2. c4 e5 3. e3 g6 4. Nc3 Bg7 5. Nf3 Nd7 6. Be2 Ne7 7. O-O O-O 8. b3 f5 9. Bb2 e4 10. Nd2 Nf6 11. a4 a5 12. Ba3 g5 13. f3 exf3 14.
Bxf3 Ng6 15. Nd5 Nxd5 16. Bxd5+ Kh8 17. g3 f4 18. Ne4 c6 19. Qh5 cxd5 20. Nxg5 h6 21.
exf4 Bxd4+ 22. Kh1 Kg7 23. Rad1 Bf6 24. Rxd5 hxg5 25.
fxg5 Be5 26. Qh6+ Kg8 27. Qxg6+ Bg7 28. Re1 Bg4 29. Rxd6 Bf3+ 30. Kg1 Qc7 31. Rde6 Qf7 32. Bxf8 Qxg6 33. Rxg6 Rxf8 34. h4 Bh5 35. Rge6 Rf3 36.
Kg2 Rxb3 37. Kh3 Bf8 38. g6 Rc3 39. R1e4 Bd1 40. Re8 Bxa4 41. Rb8 Kg7 42. Rxb7+ Kxg6 43. Rg4+ Kh6 44. Rb6+ Kh7 45. Rb7+ Kh6 46. Rb6+ Kh7 47. Rb7+ Kh6 1/2-1/2

[Event "*** Titled Tuesday Blitz"]
[Site "Chess.com"]
[Date "2018.06.05"]
[Round "6"]
[White "penguingm1"]
[Black "SantoBlue"]
[Result "1-0"]
[WhiteElo "2703"]
[BlackElo "2788"]
[TimeControl "180+2"]
[EndTime "14:27:45 PDT"]
[Termination "penguingm1 won by resignation"]

1. d4 Nf6 2. c4 e6 3. Nc3 Bb4 4. Qc2 b6 5. e4 Bb7 6. Bd3 d5 7.
cxd5 exd5 8. e5 Ne4 9. f3 Nxc3 10. bxc3 Qh4+ 11. Kf1 Ba5 12. g3 Qe7 13. Kg2 h6 14. Ne2 O-O 15. Be3 c5 16. Nf4 Rc8 17. e6 g5 18.
exf7+ Qxf7 19. Nh5 cxd4 20. Bg6 Qe7 21. Bxd4 Nc6 22.
Nf6+ Kf8 23. Qf5 Nxd4 24. cxd4 Kg7 25. Nh5+ Kh8 26. Rhe1 Qd6 27. Re6 Qc7 28. Qf6+ Kg8 29. Re7 1-0

[Event "*** Titled Tuesday Blitz"]
[Site "Chess.com"]
[Date "2018.06.05"]
[Round "6"]
[White "lucasmito"]
[Black "ruvat"]
[Result "1-0"]
[WhiteElo "2310"]
[BlackElo "2252"]
[TimeControl "180+2"]
[EndTime "14:27:46 PDT"]
[Termination "lucasmito won by resignation"]

1. e4 d6 2. d4 Nf6 3. Nc3 g6 4. f4 Bg7 5. Nf3 O-O 6. Be3 c5 7. Qd2 cxd4 8. Nxd4 Nc6 9. O-O-O Bg4 10. Be2 Bxe2 11.
Qxe2 Qa5 12. Kb1 Rac8 13. Nb3 Qc7 14. g4 e6 15. Nb5 Qb8 16. Nxd6 Rc7 17. g5 Nh5 18. e5 Rd8 19. Ne4 Rcd7 20. Rxd7 Rxd7 21. Rd1 Qd8 22. Rxd7 Qxd7 23. Nbc5 Qc7 24. Qb5 b6 25. Na6 Qc8 26. Nd6 Qd7 27. Nb4 Nb8 28. Qxd7 Nxd7 29. Nc6 a6 30. Nc8 b5 31. Nb4 a5 32.
Nc6 a4 33. Nd6 Nb6 34. Bxb6 1-0

[Event "*** Titled Tuesday Blitz"]
[Site "Chess.com"]
[Date "2018.06.05"]
[Round "6"]
[White "Margency"]
[Black "Nyzhnyk_Illia"]
[Result "0-1"]
[WhiteElo "2601"]
[BlackElo "2730"]
[TimeControl "180+2"]
[EndTime "14:27:49 PDT"]
[Termination "Nyzhnyk_Illia won by resignation"]

1. e4 e6 2. d4 d5 3. Nc3 Nf6 4. Bg5 dxe4 5. Nxe4 Be7 6. Bxf6 Bxf6 7. Nf3 Bd7 8. Qd3 Bc6 9. O-O-O Bxe4 10. Qxe4 c6 11. h4 Nd7 12. Kb1 h6 13. g4 Qe7 14. Bg2 g6 15. h5 g5 16. Rd3 Bg7 17. Re1 O-O 18.
Rb3 Nf6 19. Qe2 Nxg4 20. Ne5 Nf6 21. f4 gxf4 22. Bf3 Kh8 23. a4 Rad8 24. c3 Nh7 25.
Nd3 Qc7 26. Rg1 Ng5 27. Rg4 b6 28. Nxf4 c5 29. dxc5 Qxc5 30. Rb5 Qd6 31. a5 bxa5 32. Rxa5 e5 33. Nd5 e4 34. Bg2 f5 35. Rh4 f4 36.
Qg4 f3 37. Bf1 Qe5 38. Bc4 e3 39. Nf4 Rxf4 40. Qxf4 Qxf4 41. Rxf4 e2 0-1

[Event "*** Titled Tuesday Blitz"]
[Site "Chess.com"]
[Date "2018.06.05"]
[Round "6"]
[White "Korchmar_Vasiliy"]
[Black "Ehsan_GhaemMaghami"]
[Result "1-0"]
[WhiteElo "2712"]
[BlackElo "2563"]
[TimeControl "180+2"]
[EndTime "14:27:50 PDT"]
[Termination "Korchmar_Vasiliy won by resignation"]

1. d4 Nf6 2. Nf3 d5 3. Bf4 c5 4.
e3 Nc6 5. Nbd2 Bg4 6. c3 Qb6 7.
dxc5 Qxc5 8. Qb3 Na5 9. Qc2 Nc6 10. Bd3 e6 11. O-O Nh5 12. Be5 Nf6 13. Qb3 O-O-O 14. Bd4 Qa5 15. Ne5 Nxe5 16. Bxe5 Nd7 17. Bg3 Nc5 18.
Qc2 Nxd3 19. Qxd3 Bf5 20. Qe2 Bd6 21. Bxd6 Rxd6 22. b4 Qc7 23. c4 dxc4 24. Nxc4 Rc6 25. Na5 Rc2 26. Qf3 Kb8 27. Nb3 Rc4 28. Rfc1 Rc8 29. h3 Be4 30. Rxc4 Qxc4 31. Qf4+ Rc7 32. Rc1 1-0

[Event "*** Titled Tuesday Blitz"]
[Site "Chess.com"]
[Date "2018.06.05"]
[Round "6"]
[White "MFBerna"]
[Black "saraswathii"]
[Result "0-1"]
[WhiteElo "2239"]
[BlackElo "2298"]
[TimeControl "180+2"]
[EndTime "14:27:50 PDT"]
[Termination "saraswathii won by resignation"]

1. e4 c5 2. Nf3 e6 3. d4 cxd4 4. Nxd4 Nf6 5. Bd3 Nc6 6. Be3 d5 7. Nxc6 bxc6 8. Nd2 Bd6 9. O-O e5 10. c4 d4 11. Bg5 h6 12. Bh4 O-O 13. c5 Bxc5 14.
f4 Qc7 15. fxe5 Ng4 16. Nc4 Ne3 17. Nxe3 dxe3 18. Kh1 Qxe5 19. Rc1 Bb6 20. Bg3 Qxb2 21. Rc2 Qd4 22. Rc4 Qd8 23. Qe2 Ba6 24. Rc3 Bxd3 25.
Rxd3 Qg5 26. Bf4 Qg6 27. Qf3 Rae8 28. Rd6 Qxe4 29. Qg3 e2 30. Re1 Re6 31. Bxh6 Rg6 32. Rxg6 fxg6 33. Be3 0-1